 Dungeon Crawl Stone Soup version 0.27.0 (webtiles) character file.

Game seed: 1365598085290058100

903 mhtbhm the Cleaver (level 7, -2/62 HPs)
             Began as a Minotaur Berserker on July 30, 2021.
             Was a Priest of Trog.
             Slain by Edmund (15 damage)
             ... on level 5 of the Dungeon.
             The game lasted 00:04:47 (5685 turns).

mhtbhm the Cleaver (Minotaur Berserker)             Turns: 5685, Time: 00:04:47

Health: -2/62      AC:  7    Str: 24    XL:     7   Next: 80%
Magic:  6/6        EV: 12    Int:  4    God:    Trog [***...]
Gold:   167        SH:  0    Dex:  9    Spells: 6/6 levels left

rFire    . . .     SeeInvis .   a - +0 hand axe
rCold    . . .     Faith    .   (no shield)
rNeg     . . .     Spirit   .   b - +0 ring mail
rPois    .         Reflect  .   (helmet restricted)
rElec    .         Harm     .   k - +0 cloak
rCorr    .         Rampage  .   (no gloves)
Will     .....                  (no boots)
Stlth    +.........             (no amulet)
HPRegen  0.20/turn              (no ring)
MPRegen  0.10/turn              (no ring)

@: about to teleport
A: horns 2, retaliatory headbutt
a: Renounce Religion, Berserk, Trog's Hand


You were on level 5 of the Dungeon.
You worshipped Trog.
Trog was most pleased with you.
You visited 1 branch of the dungeon, and saw 5 of its levels.

You collected 267 gold pieces.
You spent 100 gold pieces at shops.

Inventory:

Hand Weapons
 a - a +0 hand axe (weapon)
Armour
 b - a +0 ring mail (worn)
 k - a +0 cloak (worn)
Wands
 j - a wand of flame (9)
Scrolls
 d - a scroll of fear
 f - a scroll of enchant weapon
 g - a scroll of silence
 h - a scroll of fog
 n - a scroll of vulnerability {unknown}
Potions
 c - a potion of flight
 i - 3 potions of curing
 l - 2 potions of might {unknown}


   Skills:
 + Level 5.7 Fighting
 + Level 8.1 Axes
 + Level 5.2 Armour
 + Level 4.0 Dodging
 + Level 1.1 Stealth


You had 6 spell levels left.
You didn't know any spells.
Your spell library was empty.

Dungeon Overview and Level Annotations

Branches:
Dungeon (5/15)
 Temple: D:4-7

Altars:
Dithmenos
Nemelex Xobeh
Okawaru
Sif Muna
Trog
Uskayaw
Yredelemnul

Shops:
D:4 ?

Annotations:
D:5 Edmund


Innate Abilities, Weirdness & Mutations

You have a pair of horns on your head.
You reflexively headbutt those who attack you in melee.


Message History

Trog accepts your kill.
Found a blackened moonstone ring.
Edmund drinks a potion.
Edmund goes berserk!
You hit Edmund.
Edmund is lightly wounded.
Edmund hits you with a +2 flail of holy wrath!
You slash Edmund! You headbutt Edmund!
Edmund is moderately wounded.
Edmund hits you with a +2 flail of holy wrath!
Edmund barely misses you. You furiously retaliate!
You headbutt Edmund. You hit Edmund. You headbutt Edmund, but do no damage.
Edmund is moderately wounded.
Edmund hits you with a +2 flail of holy wrath.
You hit Edmund but do no damage.
Edmund is moderately wounded.
Edmund hits you with a +2 flail of holy wrath!
* * * LOW HITPOINT WARNING * * *
You are too injured to fight recklessly!
You are too injured to fight recklessly!
You are too injured to fight recklessly!
You are too injured to fight recklessly!
You are too injured to fight recklessly!
You are too injured to fight recklessly!
You are too injured to fight recklessly!
You are too injured to fight recklessly!
You are too injured to fight recklessly!
Unknown command.
Okay, then.
Okay, then.
You can't see any enemies this would affect, really read the scroll of fear?
Okay, then.
As you read the scroll of teleportation, it crumbles to dust.
You feel strangely unstable. Edmund misses you.
Edmund hits you with a +2 flail of holy wrath.
* * * LOW HITPOINT WARNING * * *
Unknown command.
Things that are here:
a +0 whip; an orc corpse Edmund hits you with a +2 flail of holy wrath!
You die...

#.. ######.#
##..###
#......# .....#
#.###### #..#.#
#.# ####..#.#
#.# .....#.#
#.# #..#.# #.#
##.#..####.#
#....@@....#
.....§§..######
###.§§§#.#
#§§§§#.#
#§#=##.# .. #.#
##. #.# ..#


You could see Edmund (berserk).

Vanquished Creatures
  Sigmund (D:2)
  Eustachio (D:4)
  Duvessa (D:4)
  A phantom (D:5)
  Dowan (D:4)
  A bullfrog skeleton (D:4)
  Crazy Yiuf (D:3)
  Ijyb (D:3)
  3 orc wizards (D:4)
  Natasha (twice) (D:2)
  A hound skeleton (D:4)
  Robin (D:2)
  4 adders
  2 worms
  3 dart slugs
  7 orcs
  5 ball pythons
  11 bats
  7 endoplasms
  4 giant cockroaches
  8 hobgoblins
  13 jackals
  5 kobolds
  4 quokkas
  8 frilled lizards
  13 goblins
  6 rats
115 creatures vanquished.

Notes
Turn   | Place    | Note
-------+----------+-------------------------------------------
     0 | D:1      | mhtbhm the Minotaur Berserker began the quest for the Orb.
     0 | D:1      | Reached XP level 1. HP: 19/19 MP: 0/0
   295 | D:1      | Reached skill level 4 in Axes
   295 | D:1      | Reached XP level 2. HP: 27/27 MP: 1/1
   716 | D:1      | Found a faded altar of an unknown god.
  1143 | D:1      | Reached XP level 3. HP: 27/33 MP: 2/2
  1314 | D:2      | Noticed Robin
  1325 | D:2      | Reached ** piety under Trog
  1330 | D:2      | Killed Robin
  1882 | D:2      | Reached XP level 4. HP: 40/41 MP: 3/3
  1943 | D:2      | Reached skill level 5 in Axes
  2219 | D:2      | Noticed Natasha
  2224 | D:2      | Killed Natasha
  2586 | D:2      | Noticed Natasha
  2591 | D:2      | Killed Natasha
  2631 | D:2      | Noticed Sigmund
  2664 | D:2      | Killed Sigmund
  2665 | D:2      | Reached skill level 6 in Axes
  2665 | D:2      | Reached XP level 5. HP: 47/47 MP: 4/4
  2665 | D:2      | Reached XP level 6. HP: 55/55 MP: 5/5
  2983 | D:3      | Reached skill level 5 in Fighting
  2992 | D:3      | Reached *** piety under Trog
  3308 | D:3      | Found a runed translucent door.
  3309 | D:3      | Noticed Crazy Yiuf
  3364 | D:3      | Found a shimmering blue altar of Sif Muna.
  3365 | D:3      | Found a hide-covered altar of Uskayaw.
  3366 | D:3      | Found an iron altar of Okawaru.
  3367 | D:3      | Found a basalt altar of Yredelemnul.
  3446 | D:3      | Noticed Ijyb
  3461 | D:3      | Killed Ijyb
  3970 | D:3      | Killed Crazy Yiuf
  4062 | D:4      | Noticed Eustachio
  4082 | D:4      | Killed Eustachio
  4083 | D:4      | Reached skill level 7 in Axes
  4083 | D:4      | Reached XP level 7. HP: 51/61 MP: 6/6
  4506 | D:4      | Noticed Duvessa
  4510 | D:4      | Noticed Dowan
  4521 | D:4      | Killed Duvessa
  4527 | D:4      | Killed Dowan
  4528 | D:4      | Reached skill level 1 in Stealth
  4767 | D:4      | Found a bloodstained altar of Trog.
  4967 | D:4      | Reached skill level 5 in Armour
  5039 | D:4      | Reached skill level 8 in Axes
  5100 | D:4      | Found a sparkling altar of Nemelex Xobeh.
  5236 | D:4      | Found Becooveng's Magic Scroll Boutique.
  5245 | D:4      | Bought 2 scrolls of identify for 40 gold pieces
  5248 | D:4      | Bought a scroll of identify for 20 gold pieces
  5248 | D:4      | Bought a scroll of identify for 20 gold pieces
  5248 | D:4      | Bought a scroll of identify for 20 gold pieces
  5477 | D:5      | Entered Level 5 of the Dungeon
  5672 | D:5      | Found a shadowy altar of Dithmenos.
  5674 | D:5      | Noticed Edmund
  5685 | D:5      | Slain by Edmund

Illustrated notes

Levels and vault maps discovered:
D:1:      dpeg_arrival_prison, layout_loops_corners,
          chequers_ecumenical_altar_simple_redux
D:2:      layout_basic, grunt_decor_junction, uniq_natasha, uniq_sigmund,
          uniq_robin
D:3:      layout_basic, mainiacjoe_overflow_alcove_3, minmay_three_crescents,
          uniq_crazy_yiuf_cottage, uniq_ijyb
D:4:      layout_basic, nemelex_diamond_rough_becter,
          nicolae_overflow_crystal_walls, serial_shops, nicolae_lakefront_shop,
          uniq_eustachio, uniq_duvessa
D:5:      layout_loops_ring, grunt_dithmenos_smoke,
          minmay_temple_entry_from_below_b, uniq_edmund

Skill      XL: |  1  2  3  4  5  6  7 |
---------------+----------------------+-----
Fighting       | 4 5 |  5.7
Axes           | 4 6 7 8 |  8.1
Armour         | 3 4 5 |  5.2
Dodging        | 3 4 |  4.0
Stealth        | 1 |  1.1

Action                   |  1- 3 |  4- 6 |  7- 9 || total
-------------------------+-------+-------+-------++-------
Melee: Hand axe          |    93 |   138 |    72 ||   303
       Headbutt          |    11 |    19 |    20 ||    50
Invok: Berserk           |       |     2 |     2 ||     4
  Use: Potion            |     3 |     2 |       ||     5
       Scroll            |       |     2 |     7 ||     9
 Stab: Sleeping          |     1 |       |       ||     1
Armor: Animal skin       |     8 |       |       ||     8
       Leather armour    |    34 |    19 |       ||    53
       Skin              |       |    13 |       ||    13
       Ring mail         |       |    14 |    25 ||    39
Dodge: Dodged            |    72 |    77 |    25 ||   174
